 BcadrenCrawl: Boulder Brew version 0.06-688-g08e91b2d95 (webtiles) character file.

Game seed: 17107397323955516880

92 Leeroy the Shooter (level 4, -11/48 HPs) Tengu Centaur. Began on Jan 23, 2023. Killed by divine providence ... invoked by an orc priest (12 damage) ... on level 3 of the Dungeon. The game lasted 00:04:36 (1173 turns).

Leeroy the Shooter (Tengu Centaur)                  Turns: 1173, Time: 00:04:37

Health: -11/48     AC:  4    Str: 16    XL:     4 ^: 64
Magic:  5/5        EV: 15    Int: 13    God:
Gold:   51         SH:  0    Dex: 10    Spells: 3/3 levels left

rFire    . . .     Slash    x   a - +0 shortbow
rCold    . . .     Pierce   .   (also wielding the above weapon)
rNeg     . . .     Bludgeon .   c - +0 leather armour
rCorr    . . .     Vision   .   (helmet restricted)
rPois    .         Gourm    +   (no cloak)
rElec    .         Faith    .   (no gloves)
MR       .....     Spirit   .   (no barding)
HPRegen  0.26/turn Reflect  .   r - amulet of the gourmand
MPRegen  0.15/turn Harm     .   e - ring of wizardry
Stlth    +.........             h - ring of evasion

@: slowed
A: large, beak, hippogriff form, talons, deformed body 1, speed 2, soft flesh,
AC +3
a: no special abilities


You were on level 3 of the Dungeon.
You were full.

You visited 1 branch of the dungeon, and saw 3 of its levels.

You collected 51 gold pieces.

Inventory:

Weapons
 a - a +0 shortbow (weapon)
 b - a +0 short sword
 g - a +2 dagger of chaos
 m - a cursed +3 dagger {(Curse: Str-5)}
Armour
 c - a +0 leather armour (worn)
Jewellery
 e - a ring of wizardry (left hand)
 f - an uncursed ring of evasion
 h - a ring of evasion (right hand)
 j - a cursed ring of dexterity {(Curse: *Drain)}
 n - an uncursed ring of strength
 r - an amulet of the gourmand (around neck)
Scrolls
 p - a scroll of enchantment
 q - a scroll of fear
Potions
 i - a potion of agility
 k - a potion of haste
 s - a potion of curing
Miscellaneous
 l - a fan of gales (inert)
Comestibles
 d - a ration


   Skills:
 - Level 2.0 Fighting
 + Level 7.6 Bows
 - Level 2.1 Dodging
 - Level 1.0 Stealth


You had 3 spell levels left.
You didn't know any spells.
Your spell library was empty.

Dungeon Overview and Level Annotations

Branches:
Dungeon (3/8)

Altars:

Annotations:
D:3 Pikel


Innate Abilities, Weirdness & Mutations

Your horsehide is resilient. (AC +3)
You have a beak for a mouth.
You have a hippogriff-like bottom half; talons in the front, hooves in the back.
Armour fits poorly on your strangely shaped body.
You cover ground very quickly.
Your soft flesh is weak to deep cuts.
Heavy manmade armour will nullify this weakness. (rSlashing-)


Message History

The orc wizard picks up a potion of curing.
The hound closely misses you.
The orc wizard casts a spell.
The orc wizard blinks!
Found a scroll of fog.
The worker ant barely misses you. The hound bites you but does no damage.
The orc priest mumbles some strange prayers to Beogh against you.
Beogh smites you!
* * * LOW HITPOINT WARNING * * *
The worker ant closely misses you. The hound bites you (5).
* * * LOW HITPOINT WARNING * * *
The orc priest looks encouraged for a moment.
The orc wizard casts a spell.
The orc wizard seems to speed up.
The worker ant bites you (4).
* * * LOW HITPOINT WARNING * * *
The orc priest mumbles some strange prayers to Beogh against you.
Beogh smites you!
You die...

##.............
................
..#....##......... ###
#.##...#...###... #..##
..##.p.....#....###....#
.....#.......#........##
#....#..##..##.........#
#.###...##.....?.......#
#.#.#......)l...@......#
#........p.Z.oah....#..#
#........#.psZ.....##
#..##....#o........# #..
#.......o###..## #.
#.....o### #### #......#
#.....[.# ........##


You could see 2 slaves, a hound, a worker ant, an orc priest, an orc wizard
(fast), a cinder newt, 2 orcs, a giant cockroach, an adder skeleton and a quokka
skeleton.

Vanquished Creatures
  A sewer rat (D:1)
  3 cinder newts (D:1)
  2 worms
  An ooze (D:1)
  2 dart slugs (D:1)
  3 leopard geckos (D:1)
  9 goblins (D:1)
  A hobgoblin (D:1)
  7 kobolds (D:1)
  A ball python (D:1)
  3 bats (D:1)
  6 rats (D:1)
39 creatures vanquished.

Vanquished Creatures (others)
  A ball python (D:2)
  2 withered plants (D:2)
3 creatures vanquished.

Grand Total: 42 creatures vanquished

Notes
Turn   | Place    | Note
-------+----------+-------------------------------------------
     0 | D:1      | Leeroy the Tengu Centaur began the quest for the Orb.
     0 | D:1      | Reached XP level 1. HP: 24/24 MP: 2/2
    18 | D:1      | Reached skill level 5 in Bows
    23 | D:1      | Reached XP level 2. HP: 32/32 MP: 3/3
   153 | D:1      | Reached skill level 6 in Bows
   153 | D:1      | Reached XP level 3. HP: 40/40 MP: 4/4
   488 | D:1      | Reached skill level 7 in Bows
   616 | D:1      | Reached XP level 4. HP: 30/48 MP: 5/5
   891 | D:2      | Noticed a water moccasin
  1065 | D:2      | Noticed a big kobold
  1115 | D:2      | Noticed a crocodile
  1134 | D:3      | Noticed Pikel
  1172 | D:3      | HP: 1/48 [worker ant (4)]
  1173 | D:3      | Killed from afar by an orc priest

Illustrated notes

Levels and vault maps discovered:
D:1:      dpeg_arrival_tiny_b, layout_rooms, kennysheep_generic_room_12,
          gup_sewer_entry_bowl
D:2:      layout_sewer, chequers_ecumenical_altar_simple
D:3:      layout_cave_pools, first_ration, nicolae_underground_beach, uniq_pikel

Skill      XL: |  1  2  3 |
---------------+----------+-----
Bows           | 5 6 7 |  7.6
Fighting       | |  2.0
Dodging        | |  2.1
Stealth        | |  1.0

Action                   |  1- 3 |  4- 6 || total
-------------------------+-------+-------++-------
Melee: Dagger            |     7 |       ||     7
       Unarmed           |     7 |       ||     7
       Tailslap          |     2 |       ||     2
       Kick              |     1 |       ||     1
 Fire: Shortbow          |    99 |    44 ||   143
Evoke: Fan of gales      |       |     1 ||     1
  Eat: Chunk             |     2 |    14 ||    16
Armor: Leather armour    |    13 |     7 ||    20
Dodge: Dodged            |    11 |    11 ||    22
